3173 views
Uploaded 2020-04-19 13:41:33
Game version 1.32.3
9:23 long 2on2 ladder game on (4)TwistedMeadows
Saved by zebroni
3173 views
Uploaded 2020-04-19 13:41:33
Game version 1.32.3
9:23 long 2on2 ladder game on (4)TwistedMeadows
40 units @ 5.7k
/ 0.6k
19 buildings @ 3.2k
/ 0.9k


| Rod of Necromancy | 1 | 150 |
| total: | 1 | 150g |
| Acolyte | 3 | 225 | / | 0 |
| Ghoul | 4 | 480 | / | 0 |
| Crypt Fiend | 6 | 1290 | / | 240 |
| Obsidian Statue | 2 | 400 | / | 70 |
| total: | 15 | 2395g | / | 310w |
| Nerubian Tower | 1 | 100 | / | 20 |
| Graveyard | 1 | 215 | / | 0 |
| Crypt | 1 | 200 | / | 50 |
| Ziggurat | 4 | 600 | / | 200 |
| Altar of Darkness | 1 | 180 | / | 50 |
| Tomb of Relics | 1 | 130 | / | 30 |
| Necropolis | 1 | 225 | / | 0 |
| Slaughterhouse | 1 | 140 | / | 135 |
| Halls of the Dead | 2 | 640 | / | 420 |
| Black Citadel | 1 | 325 | / | 230 |
| total: | 10 | 1690g | / | 465w |
| 0:01 | Acolyte |
| 0:01 | Acolyte |
| 0:06 | Graveyard |
| 0:10 | Crypt |
| 0:24 | Ziggurat |
| 0:40 | Altar of Darkness |
| 1:12 | Ghoul |
| 1:17 | Ziggurat |
| 1:29 | Ghoul |
| 1:35 | Acolyte |
| 1:53 | Tomb of Relics |
| 2:12 | Crypt Fiend |
| 2:12 | Crypt Fiend |
| 2:34 | Crypt Fiend |
| 2:42 | Death Coil |
| 2:56 | Rod of Necromancy |
| 3:19 | Halls of the Dead |
| 3:42 | Crypt Fiend |
| 4:40 | Crypt Fiend |
| 4:42 | Ziggurat |
| 4:44 | Nerubian Tower |
| 5:03 | Ziggurat |
| 5:35 | Crypt Fiend |
| 5:51 | Unholy Aura |
| 6:16 | Slaughterhouse |
| 6:56 | Death Coil |
| 7:09 | Frost Nova |
| 7:14 | Ghoul |
| 7:17 | Creature Attack |
| 7:21 | Ghoul |
| 7:35 | Necropolis |
| 7:42 | Obsidian Statue |
| 8:51 | Obsidian Statue |
| 8:52 | Black Citadel |

| Wisp | 12 | 720 | / | 0 |
| Huntress | 13 | 2535 | / | 260 |
| total: | 25 | 3255g | / | 260w |
| Altar of Elders | 1 | 180 | / | 50 |
| Moon Well | 4 | 720 | / | 160 |
| Ancient of War | 2 | 300 | / | 120 |
| Hunter's Hall | 1 | 210 | / | 100 |
| Ancient of Wonders | 1 | 90 | / | 30 |
| total: | 9 | 1500g | / | 460w |
| 0:02 | Wisp |
| 0:02 | Wisp |
| 0:10 | Altar of Elders |
| 0:18 | Moon Well |
| 0:30 | Wisp |
| 0:30 | Wisp |
| 0:41 | Wisp |
| 0:49 | Wisp |
| 0:58 | Wisp |
| 1:19 | Wisp |
| 1:19 | Wisp |
| 1:19 | Wisp |
| 1:41 | Wisp |
| 1:56 | Ancient of War |
| 1:59 | Hunter's Hall |
| 2:13 | Moon Well |
| 2:16 | Entangling Roots |
| 2:21 | Wisp |
| 2:36 | Ancient of War |
| 2:52 | Moon Well |
| 3:11 | Huntress |
| 3:31 | Ultravision |
| 3:37 | Huntress |
| 3:45 | Huntress |
| 4:10 | Huntress |
| 4:31 | Huntress |
| 4:52 | Moon Well |
| 5:22 | Huntress |
| 5:50 | Huntress |
| 6:09 | Ancient of Wonders |
| 6:40 | Force of Nature |
| 7:08 | Huntress |
| 7:37 | Huntress |
| 7:44 | Entangling Roots |
| 7:59 | Huntress |
| 7:59 | Huntress |
| 8:28 | Huntress |
| 9:17 | Huntress |
/ 0.4k
24 buildings @ 3.7k
/ 1.4k

| Wisp | 12 | 720 | / | 0 |
| Archer | 14 | 1820 | / | 140 |
| Huntress | 7 | 1365 | / | 140 |
| total: | 33 | 3905g | / | 280w |
| Ancient Protector | 4 | 540 | / | 320 |
| Moon Well | 3 | 540 | / | 120 |
| Altar of Elders | 1 | 180 | / | 50 |
| Ancient of War | 1 | 150 | / | 60 |
| Hunter's Hall | 1 | 210 | / | 100 |
| Tree of Ages | 1 | 320 | / | 180 |
| total: | 10 | 1620g | / | 650w |
| 0:06 | Wisp |
| 0:06 | Wisp |
| 0:06 | Wisp |
| 0:06 | Wisp |
| 0:14 | Moon Well |
| 0:21 | Altar of Elders |
| 0:50 | Ancient of War |
| 0:59 | Wisp |
| 0:59 | Wisp |
| 0:59 | Wisp |
| 1:00 | Wisp |
| 1:00 | Wisp |
| 1:00 | Wisp |
| 1:29 | Wisp |
| 1:29 | Wisp |
| 1:39 | Moon Well |
| 1:56 | Archer |
| 1:57 | Archer |
| 2:16 | Archer |
| 2:29 | Hunter's Hall |
| 2:37 | Searing Arrows |
| 2:45 | Archer |
| 3:03 | Moon Well |
| 3:31 | Archer |
| 4:35 | Tree of Ages |
| 4:40 | Archer |
| 4:41 | Sentinel |
| 4:41 | Huntress |
| 4:46 | Strength of the Moon |
| 4:54 | Moon Armor |
| 6:01 | Archer |
| 6:01 | Archer |
| 6:01 | Archer |
| 6:01 | Archer |
| 6:02 | Archer |
| 6:07 | Huntress |
| 6:07 | Huntress |
| 6:07 | Huntress |
| 6:08 | Huntress |
| 6:38 | Ancient Protector |
| 6:53 | Ancient Protector |
| 7:09 | Ancient Protector |
| 7:13 | Ancient Protector |
| 7:44 | Moon Glaive |
| 7:44 | Huntress |
| 7:44 | Archer |
| 8:45 | Huntress |
| 8:50 | Archer |
| 8:50 | Archer |

| Peon | 20 | 1500 | / | 0 |
| Grunt | 4 | 800 | / | 0 |
| Troll Headhunter | 4 | 560 | / | 80 |
| total: | 28 | 2860g | / | 80w |
| Watch Tower | 4 | 440 | / | 320 |
| Orc Burrow | 4 | 640 | / | 160 |
| Altar of Storms | 1 | 180 | / | 50 |
| Barracks | 1 | 180 | / | 50 |
| War Mill | 1 | 205 | / | 0 |
| Voodoo Lounge | 2 | 260 | / | 60 |
| Spirit Lodge | 1 | 150 | / | 150 |
| Stronghold | 1 | 315 | / | 190 |
| total: | 14 | 2055g | / | 790w |
| 0:04 | Peon |
| 0:06 | Orc Burrow |
| 0:08 | Peon |
| 0:11 | Altar of Storms |
| 0:33 | Barracks |
| 0:39 | Peon |
| 0:39 | Peon |
| 0:40 | Peon |
| 0:40 | Peon |
| 0:40 | Peon |
| 0:52 | Peon |
| 1:09 | Peon |
| 1:23 | Peon |
| 1:47 | Grunt |
| 2:29 | Orc Burrow |
| 2:33 | Orc Burrow |
| 2:39 | War Mill |
| 2:59 | Wind Walk |
| 3:38 | Grunt |
| 3:39 | Grunt |
| 4:40 | Stronghold |
| 4:48 | Orc Burrow |
| 5:07 | Voodoo Lounge |
| 5:30 | Watch Tower |
| 6:02 | Troll Headhunter |
| 6:02 | Troll Headhunter |
| 6:02 | Troll Headhunter |
| 6:30 | Grunt |
| 6:43 | Watch Tower |
| 7:04 | Peon |
| 7:04 | Peon |
| 7:23 | Spirit Lodge |
| 7:28 | Troll Headhunter |
| 7:45 | Voodoo Lounge |
| 8:17 | Peon |
| 8:17 | Peon |
| 8:17 | Peon |
| 8:18 | Peon |
| 8:18 | Peon |
| 8:19 | Peon |
| 8:19 | Peon |
| 8:19 | Peon |
| 8:42 | Watch Tower |
| 8:52 | Watch Tower |
⇛